 Dungeon Crawl Stone Soup version 0.23-a0-644-gb60d84b (webtiles) character file.

128 Borgoz the Skirmisher (level 5, -3/47 HPs)
             Began as a Hill Orc Abyssal Knight on Jan 1, 2019.
             Was a Believer of Lugonu.
             Slain by Terence
             ... wielding a +2 morningstar of protection
              (11 damage)
             ... on level 3 of the Dungeon.
             The game lasted 00:03:35 (2380 turns).

Borgoz the Skirmisher (Hill Orc Abyssal Knight)     Turns: 2380, Time: 00:03:38

Health: -3/47      AC:  7    Str: 15    XL:     5   Next: 12%
Magic:  7/7        EV: 11    Int: 12    God:    Lugonu [**....]
Gold:   83         SH:  0    Dex: 11    Spells: 4/4 levels left

rFire    . . .     SeeInvis .   a - +1 hand axe
rCold    . . .     Gourm    .   (no shield)
rNeg     . . .     Faith    .   d - +0 ring mail
rPois    .         Spirit   .   (helmet restricted)
rElec    .         Reflect  .   n - scarf {cloud immunity}
rCorr    .         Harm     .   (no gloves)
MR       .....                  (no boots)
Stlth    ..........             (no amulet)
HPRegen  0.15/turn              e - ring of flight
MPRegen  0.10/turn              (no ring)

@: no status effects
A: hooves 1, horns 1, yellow scales 1, no potion heal 1
a: Depart the Abyss, Bend Space, Renounce Religion, Evoke Flight


You were on level 3 of the Dungeon.
You worshipped Lugonu.
Lugonu was pleased with you.
You were not hungry.

You visited 1 branch of the dungeon, and saw 4 of its levels.
You visited the Abyss 1 time.

You collected 83 gold pieces.

Inventory:

Hand Weapons
 a - a +1 hand axe (weapon)
Missiles
 s - 3 tomahawks (quivered)
Armour
 d - a +0 ring mail (worn)
 n - a scarf of cloud immunity (worn)
Jewellery
 e - a ring of flight (left hand)
 k - an uncursed ring of ice
Scrolls
 b - a scroll of teleportation {unknown}
 f - 6 scrolls of identify {unknown}
 i - a scroll of random uselessness {unknown}
 l - 2 scrolls of enchant armour {unknown}
 m - 3 scrolls of remove curse {unknown}
 o - a scroll of magic mapping {unknown}
Potions
 g - a potion of curing {unknown}
 h - a potion of flight {unknown}
 j - 2 potions of mutation
 p - a potion of heal wounds {unknown}
 q - a potion of brilliance {unknown}
 r - a potion of haste {unknown}
Comestibles
 c - 9 rations
 t - 3 chunks of flesh


   Skills:
 + Level 4.4 Fighting
 + Level 3.8 Axes
 + Level 3.2 Armour
 + Level 1.7 Dodging
 + Level 3.6 Invocations


You had 4 spell levels left.
You didn't know any spells.
Your spell library was empty.

Dungeon Overview and Level Annotations

Branches:
Dungeon (4/15)
 Temple: D:4-7

Altars:

Annotations:
D:3 Terence


Innate Abilities, Weirdness & Mutations

You have large cloven feet.
You have a pair of small horns on your head.
You are partially covered in yellow scales. (AC +2)
Potions are less effective at restoring your health.


Message History

You hit Terence but do no damage.
Terence is moderately wounded.
Terence barely misses you.
You hit Terence but do no damage.
Terence is moderately wounded.
Terence barely misses you.
You hit Terence but do no damage.
Terence is moderately wounded.
Terence barely misses you.
Your ring mail prevents you from hitting Terence.
Terence is moderately wounded.
Terence hits you with a +2 morningstar of protection!
* * * LOW HITPOINT WARNING * * *
It was a potion of mutation.
You feel extremely strange.
Your feet thicken and deform.
Your system partially rejects the healing effects of potions.
A pair of horns grows on your head!
Yellow scales grow over part of your body.
Terence hits you with a +2 morningstar of protection!
You die...

##.......##... ##
#.....≈♣≈.....
...+......≈......
#.#.............
#...≈..........≈
##[.≈≈..........≈
#................
#........@)......
#....)..@####....
#.......## .
#≈......#
#♣≈.....# ..
#..≈......## #..
#..........####...
#.#...............
..................
#.....≈≈..........


You could see Terence.

Vanquished Creatures
  A worker ant (D:4)
  5 adders
  3 worms
  3 dart slugs
  3 giant cockroaches
  8 goblins
  4 hobgoblins
  2 jackals (D:1)
  A quokka (D:2)
  3 ball pythons
  2 bats (D:1)
  5 frilled lizards
  4 kobolds
  4 rats
48 creatures vanquished.

Notes
Turn   | Place    | Note
-------+----------+-------------------------------------------
     0 | Abyss:1  | Borgoz the Hill Orc Abyssal Knight began the quest for the
                  | Orb.
     0 | Abyss:1  | Reached XP level 1. HP: 19/19 MP: 2/2
    83 | Abyss:1  | Noticed a wolf spider zombie
    85 | D:1      | Escaped the Abyss
    96 | D:1      | Reached * piety under Lugonu
   165 | D:1      | Reached skill level 1 in Dodging
   165 | D:1      | Reached XP level 2. HP: 14/27 MP: 3/3
  1283 | D:2      | Reached XP level 3. HP: 22/33 MP: 5/5
  1312 | D:2      | Reached skill level 4 in Fighting
  1680 | D:2      | Reached XP level 4. HP: 40/40 MP: 6/6
  2313 | D:3      | Reached XP level 5. HP: 35/47 MP: 7/7
  2338 | D:3      | Reached ** piety under Lugonu
  2359 | D:3      | Noticed Terence
  2380 | D:3      | Gained mutation: You have large cloven feet. [potion of
                  | mutation]
  2380 | D:3      | Gained mutation: Potions are less effective at restoring
                  | your health. [potion of mutation]
  2380 | D:3      | Gained mutation: You have a pair of small horns on your
                  | head. [potion of mutation]
  2380 | D:3      | Gained mutation: You are partially covered in yellow
                  | scales. (AC +2) [potion of mutation]
  2380 | D:3      | Slain by Terence

Vault maps used:
D:1:      wander_arrival_peaceful_grave
D:2:      first_ration
D:3:      kennysheep_decorative_pillar, skrybe_limestone_x,
          minmay_goblin_outpost, uniq_terence
D:4:      kennysheep_big_flooded_room, nicolae_ru_great_annihilating_truth,
          amethyst_overflow_temple_binary, uniq_edmund

Skill      XL: |  1  2  3  4 |
---------------+-------------+-----
Dodging        | 1 |  1.7
Axes           | 3 |  3.8
Fighting       | 4 |  4.4
Invocations    | 3 |  3.6
Armour         | 3 |  3.2

Action                   |  1- 3 |  4- 6 || total
-------------------------+-------+-------++-------
Melee: Hand axe          |   105 |    96 ||   201
Invok: Depart the Abyss  |     1 |       ||     1
  Use: Potion            |     1 |     1 ||     2
  Eat: Chunk             |     2 |     3 ||     5
Armor: Leather armour    |    30 |       ||    30
       Ring mail         |    27 |    17 ||    44
Dodge: Dodged            |    90 |    49 ||   139

Table legend:
 A = Non-vault XP
 B = Vault XP
 C = Vault XP percentage of total XP
 D = Non-vault monster count
 E = Vault monster count
 F = Vault count percentage of total count
                 A         B        C        D         E       F
            +---------+---------+-------+---------+---------+-------
      Total |     184 |       0 |   0.0 |      48 |       0 |   0.0
            +---------+---------+-------+---------+---------+-------
        D:1 |      29 |       0 |   0.0 |      16 |       0 |   0.0
        D:2 |      86 |       0 |   0.0 |      22 |       0 |   0.0
        D:3 |      31 |       0 |   0.0 |       8 |       0 |   0.0
        D:4 |      38 |       0 |   0.0 |       2 |       0 |   0.0
            +---------+---------+-------+---------+---------+-------
